 Dungeon Crawl Stone Soup version bcrawl-1.14 (webtiles) character file.

Game seed: 5404403779818033016

8 MisterOstroum the Grave Robber (level 2, 19/19 HPs)
             Began as a Demonspawn Necromancer on Sept 17, 2019.
             Quit the game on level 1 of the Dungeon.
             The game lasted 00:01:45 (461 turns).

MisterOstroum the Grave Robber (DsNe)                Turns: 461, Time: 00:01:45

Health: 19/19      AC:  2    Str:  8    XL:     2   Next: 0%
Magic:  5/5        EV: 12    Int: 16    God:
Gold:   17         SH:  0    Dex: 13    Spells: 3/5 levels left

rFire    . . .     SeeInvis .   a - +0 dagger
rCold    . . .     Gourm    .   (no shield)
rNeg     . . .     Faith    .   b - +0 robe
rPois    .         Spirit   .   (no helmet)
rElec    .         Reflect  .   (no cloak)
rCorr    .         Harm     .   (no gloves)
MR       .....                  (no boots)
Stlth    ++........             (no amulet)
HPRegen  0.06/turn              (no ring)
MPRegen  0.09/turn              (no ring)

@: no status effects
A: claws 1
a: no special abilities


You were on level 1 of the Dungeon.
You were not hungry.

You visited 1 branch of the dungeon, and saw 1 of its levels.

You collected 17 gold pieces.

Inventory:

Hand Weapons
 a - a +0 dagger (weapon)
Armour
 b - a +0 robe (worn)
Potions
 c - a potion of mutation {unknown}
Comestibles
 e - a ration {!d}


   Skills:
 + Level 0.0 Fighting
 - Level 1.7 Dodging
 - Level 2.2 Stealth
 - Level 2.0 Spellcasting
 - Level 4.7 Necromancy


You had 3 spell levels left.
You knew the following spells:

 Your Spells              Type           Power        Failure   Level  Hunger
a - Pain                  Necr           ###.         3%          1    #......
b - Animate Skeleton      Necr           N/A          3%          1    #......

Your spell library contained the following spells:

 Spells                   Type           Power        Failure   Level  Hunger
 Vampiric Draining        Necr           ###.......   9%          3    ###....
 Regeneration             Chrm/Necr      #.........   24%         3    ###....
 Animate Dead             Necr           N/A          28%         4    #####..
 Bolt of Draining         Conj/Necr      #.........   91%         5    ######.


Dungeon Overview and Level Annotations

Branches:
Dungeon (1/12)

Altars:


Innate Abilities, Weirdness & Mutations

You have sharp fingernails.


Message History

You closely miss the frilled lizard. The frilled lizard bites you.
You hit the frilled lizard.
The frilled lizard is heavily wounded.
The frilled lizard closely misses you.
Casting: Pain (safe; 3% risk of failure)
Confirm with . or Enter, or press ? or * to list all spells.
Aiming: Pain (safe; 3% risk of failure)
Press: ? - help, Shift-Dir - straight line, f - frilled lizard
Aim: a frilled lizard (heavily wounded, chance to defeat MR: 87%)
The frilled lizard writhes in agony!
You kill the frilled lizard!
A rat and a dart slug come into view.
There are monsters nearby!
Casting: Pain (safe; 3% risk of failure)
Confirm with . or Enter, or press ? or * to list all spells.
Aiming: Pain (safe; 3% risk of failure)
Press: ? - help, Shift-Dir - straight line, f - rat
Aim: a rat (resting, chance to defeat MR: 87%)
The rat barely resists.
Casting: Pain (safe; 3% risk of failure)
Confirm with . or Enter, or press ? or * to list all spells.
Aiming: Pain (safe; 3% risk of failure)
Press: ? - help, Shift-Dir - straight line, f/p - rat
Aim: a rat (chance to defeat MR: 87%)
The rat writhes in agony.
You kill the rat!
Casting: Pain (safe; 3% risk of failure)
Confirm with . or Enter, or press ? or * to list all spells.
You don't have enough magic to cast that spell.
You hit the dart slug.
The dart slug is lightly wounded.
The dart slug bites you but does no damage.
You hit the dart slug but do no damage.
The dart slug is lightly wounded.
The dart slug launches a dart at you. The slug dart misses you.
You hit the dart slug but do no damage.
The dart slug is lightly wounded.
You hit the dart slug.
The dart slug is moderately wounded.
The dart slug misses you.
You hit the dart slug but do no damage.
The dart slug is moderately wounded.
The dart slug launches a dart at you. The slug dart hits you!
You hit the dart slug.
The dart slug is heavily wounded.
The dart slug barely misses you.
Casting: Pain (safe; 3% risk of failure)
Confirm with . or Enter, or press ? or * to list all spells.
Aiming: Pain (safe; 3% risk of failure)
Press: ? - help, Shift-Dir - straight line, f - dart slug
Aim: a dart slug (heavily wounded, clinging, chance to defeat MR: 87%)
The dart slug barely resists.
You hit the dart slug.
The dart slug is almost dead.
The dart slug closely misses you.
You hit the dart slug but do no damage.
The dart slug is almost dead.
The dart slug bites you but does no damage.
You hit the dart slug.
You kill the dart slug!
A kobold comes into view. It is wielding a +0 club.
You start resting.
Magic restored.
HP restored.
You see here a leather armour.
You see here a lumpy amethyst potion.
Casting: Pain (safe; 3% risk of failure)
Confirm with . or Enter, or press ? or * to list all spells.
Aiming: Pain (safe; 3% risk of failure)
Press: ? - help, Shift-Dir - straight line, f - kobold
Aim: a kobold, wielding a +0 club (resting, chance to defeat MR: 87%)
The kobold shouts!
The kobold writhes in agony.
Casting: Pain (safe; 3% risk of failure)
Confirm with . or Enter, or press ? or * to list all spells.
Aiming: Pain (safe; 3% risk of failure)
Press: ? - help, Shift-Dir - straight line, f/p - kobold
Aim: a kobold, wielding a +0 club (severely wounded, chance to defeat MR: 87%)
The kobold writhes in agony.
You kill the kobold!
c - a lumpy amethyst potion
Things that are here:
a +0 club; a kobold corpse
Found a whip.
You open the door.
There is an open door here.
A bat comes into view.
The helpless bat fails to defend itself.
You puncture the bat!
You kill the bat!
You have reached level 2!
Your demonic ancestry asserts itself...
Your fingernails lengthen.
Unknown command.
Found a stone staircase leading down.
You see here a whip.
A quokka comes into view.
Are you sure you want to abandon this character and quit the game? (Confirm with "yes".)

#.. #.# . #.# .## #.# ..#
#.# #.# #.# .##.###.#
#.## r.......# ####..#
####.###@########
......###......#.........
####...##......#.########
#.#.##......#.#...#
#.#..####'###.#.#.#
#.#.......)...#.#.#
###.#..####.#######.#
##...#..####.###.....#
.................#####


You could see a quokka (sleeping).

Vanquished Creatures
  A dart slug (D:1)
  2 hobgoblins (D:1)
  A bat (D:1)
  A frilled lizard (D:1)
  A kobold (D:1)
  A rat (D:1)
7 creatures vanquished.

Notes
Turn   | Place    | Note
-------+----------+-------------------------------------------
     0 | D:1      | MisterOstroum the Demonspawn Necromancer began the quest
                  | for the Orb.
     0 | D:1      | Reached XP level 1. HP: 13/13 MP: 3/3
    16 | D:1      | Learned a level 1 spell: Animate Skeleton
   408 | D:1      | Gained mutation: You have sharp fingernails. [demonic
                  | ancestry]
   408 | D:1      | Reached XP level 2. HP: 19/19 MP: 5/5
   461 | D:1      | Quit the game

Action                   || total
-------------------------++-------
Melee: Dagger            ||    13
 Cast: Pain              ||     8
 Stab: Sleeping          ||     2
Armor: Robe              ||     2
Dodge: Dodged            ||     5
